Map: Frost LE

Players

Chammy (Cham)

  • Race: Zerg Zerg
  • League: Grandmaster
  • Spawn Location: 5:00

Kelazhur - Winner!

  • Race: Terran Terran
  • League: Master
  • Spawn Location: 1:00

Event: Copa América 2016 Grand Finals

VOD

Have the link to the VOD?

Description

Time

  • Played on: Oct. 14, 2016, 5:35 p.m.
  • Length: 10:43

All games in this series

Show
View Real Time Build Order
Export as new Build Order

Chammy Zerg 

Build Orders: Hatch First 

Get SALT Encoding   

  12  0:00  Drone  
  13  0:07  Drone  
  14  0:17  Overlord  
  14  0:36  Drone x3  
  17  0:53  Hatchery  
  17  0:55  Drone  
  17  0:58  Drone  
  18  1:09  Extractor  
  18  1:10  Drone  
  18  1:17  Spawning Pool  
  17  1:20  Drone  
  18  1:30  Drone  
  19  1:42  Overlord  
  19  1:51  Drone  
  20  2:04  Zergling x2, Queen x2  
  20  2:05  Zergling x2  
  26  2:12  Metabolic Boost  
  26  2:14  Zergling x2  
  27  2:17  Drone  
  28  2:25  Roach Warren  
  27  2:36  Zergling x6  
  29  2:43  Overlord  
  29  2:49  Zergling x4  
  30  3:00  Overlord  
  30  3:11  Roach x3  
  36  3:17  Overlord  
  36  3:20  Roach  
  38  3:39  Ravager  
  39  3:42  Roach  
  39  3:47  Overlord, Roach  
  43  3:53  Overlord, Roach  
  45  3:58  Zergling x4  
  47  4:06  Overlord  
  49  4:10  Roach  
  49  4:13  Zergling x2  
  49  4:14  Zergling x2  
  51  4:26  Overlord  
  51  4:27  Zergling x4, Ravager  
  54  4:36  Zergling x4  
  55  4:40  Zergling x4  
  57  4:55  Ravager  
  57  4:56  Zergling x2  
  57  4:57  Zergling x4  
  56  5:09  Zergling x4  
  55  5:15  Zergling x4  
  55  5:24  Zergling x2  
  55  5:26  Zergling x4  
  54  5:29  Zergling x4, Roach x2  
  54  5:32  Zergling x2  
  62  5:42  Ravager  
  62  5:43  Zergling x4  
  55  6:13  Roach  
  52  6:19  Zergling x4, Roach x2  
  52  6:22  Zergling x2, Roach  
  47  6:31  Roach  
  41  6:33  Zergling x2  
  41  6:34  Zergling x4  
  41  6:37  Zergling x2  
  45  6:46  Zergling x4  
  43  6:54  Ravager  
  43  6:55  Zergling x4  
  46  7:05  Zergling x8  
  46  7:06  Zergling x6  
  53  7:14  Zergling x2  
  53  7:25  Zergling x4  
  53  7:27  Ravager  
  53  7:29  Zergling x4  
  57  7:34  Zergling x6  
  58  7:51  Zergling x2  
  56  8:00  Zergling x4  
  56  8:03  Ravager  
  58  8:08  Zergling x2  
  58  8:12  Zergling x12  
  64  8:17  Roach x3  
  69  8:29  Zergling x2, Roach  
  71  8:40  Roach  
  71  8:41  Zergling x2  
  71  8:42  Zergling x4  
  71  8:47  Overlord  
  55  9:06  Roach x2  
  55  9:07  Zergling x4, Roach  
  54  9:13  Roach  
  53  9:17  Zergling x2  
  53  9:23  Zergling x2  
  55  9:27  Roach  
  57  9:31  Zergling x2  
  57  9:37  Zergling x2  
  59  9:41  Zergling x2  
  62  9:45  Roach  
  60  9:54  Zergling x8  
  60  9:58  Zergling x2, Roach  
  66  10:01  Zergling x2  
Show
View Real Time Build Order
Export as new Build Order

Kelazhur Terran - Winner!

Build Orders:  

Get SALT Encoding   

  12  0:00  SCV  
  13  0:12  SCV  
  14  0:17  Supply Depot  
  14  0:24  SCV  
  15  0:38  SCV  
  15  0:39  Barracks  
  16  0:44  Refinery  
  16  0:50  SCV  
  17  1:00  Barracks  
  17  1:03  SCV  
  18  1:15  SCV  
  19  1:20  Barracks  
  19  1:27  Reaper  
  19  1:31  Refinery  
  20  1:43  Orbital Command  
  20  1:48  Reaper  
  21  1:56  Supply Depot  
  21  2:02  Reaper  
  22  2:09  Reaper  
  23  2:18  SCV  
  23  2:20  Reaper  
  25  2:34  Reaper  
  25  2:37  SCV  
  27  2:39  Supply Depot  
  27  2:42  Reaper  
  28  2:49  SCV  
  29  2:52  Reaper  
  29  3:01  SCV  
  30  3:06  Reaper  
  31  3:13  SCV  
  31  3:14  Reaper  
  33  3:20  Command Center  
  33  3:24  Reaper  
  34  3:33  SCV  
  35  3:38  Reaper, Supply Depot  
  36  3:45  SCV  
  37  3:52  Reaper  
  38  3:56  Reaper  
  39  4:11  Reaper  
  41  4:17  SCV  
  41  4:18  Barracks x2  
  41  4:23  Supply Depot  
  41  4:24  Reaper  
  42  4:38  Reaper  
  42  4:40  Orbital Command  
  42  4:43  Reaper  
  44  4:49  SCV  
  45  4:56  Reaper  
  46  5:01  Bunker  
  46  5:10  Reaper x3  
  46  5:15  Reaper  
  43  5:28  Reaper  
  38  5:29  SCV  
  38  5:32  Bunker  
  37  5:35  SCV  
  37  5:42  Reaper x2, SCV, Orbital Command  
  39  5:43  Reaper  
  40  5:50  Reaper  
  40  5:55  SCV  
  41  6:16  Reaper x2  
  26  6:28  SCV  
  26  6:30  SCV  
  24  6:37  Command Center  
  24  6:40  SCV  
  24  6:42  SCV  
  27  6:47  Reaper  
  27  6:51  Reaper  
  27  6:52  SCV  
  29  6:54  SCV  
  29  6:58  Supply Depot, Refinery  
  30  7:02  Reaper  
  30  7:04  SCV  
  30  7:06  SCV  
  30  7:08  Refinery  
  33  7:09  Supply Depot  
  32  7:16  SCV  
  32  7:17  Reaper  
  32  7:18  SCV  
  34  7:25  Reaper  
  34  7:28  SCV  
  34  7:30  Reaper  
  34  7:31  SCV  
  34  7:36  Reaper, Bunker  
  37  7:40  SCV  
  37  7:43  SCV  
  37  7:47  Reaper  
  37  7:50  SCV  
  38  7:54  Reaper, Bunker, Orbital Command  
  40  7:58  Reaper  
  40  7:59  SCV  
  40  8:03  Orbital Command  
  40  8:04  Reaper  
  39  8:11  SCV  
  35  8:14  Reaper  
  35  8:19  Reaper  
  37  8:21  SCV  
  37  8:23  SCV  
  37  8:27  Reaper  
  40  8:28  SCV  
  40  8:33  SCV  
  42  8:36  Reaper  
  42  8:37  SCV  
  42  8:41  Reaper  
  44  8:47  SCV  
  45  8:49  Reaper  
  45  8:50  Barracks  
  45  8:51  Barracks  
  40  9:05  SCV  
  40  9:06  Reaper x2  
  40  9:09  Reaper  
  40  9:13  SCV  
  40  9:14  Reaper  
  40  9:15  SCV  
  43  9:18  SCV  
  43  9:22  Reaper  
  45  9:26  SCV  
  45  9:27  Bunker, SCV  
  45  9:31  SCV  
  48  9:38  Reaper, SCV  
  49  9:39  SCV  
  49  9:40  Reaper  
  50  9:50  Reaper x2  
  50  9:51  Reaper  
  50  9:52  Reaper  
  54  9:53  SCV  
  54  9:58  Reaper  
  54  9:59  SCV  
  57  10:01  SCV  
  57  10:21  SCV  
Tags
 
Add a new tag
Caveats
  • Supply blocks, unpowered buildings, or Contaminate may cause inaccurate times.
  • Supply counts are checked every 10 seconds.